 Dungeon Crawl Stone Soup version 0.26-a0-84-g8c18429211 (webtiles) character file.

Game seed: 2189715124569470766

30972 NicoYazawa the Spear-Bearer (level 13, -23/104 HPs)
             Began as a Merfolk Ice Elementalist on June 19, 2020.
             Was an Elder of Vehumet.
             Killed from afar by an ice dragon (45 damage)
             ... with a blast of cold
             ... on level 5 of the Lair of Beasts.
             The game lasted 00:38:34 (19621 turns).

NicoYazawa the Spear-Bearer (MfIE)                 Turns: 19621, Time: 00:38:34

Health: -23/104    AC:  7    Str:  8    XL:     13   Next: 55%
Magic:  45/45      EV: 19    Int: 19    God:    Vehumet [****..]
Gold:   860        SH: 11    Dex: 21    Spells: 16/33 levels left

rFire    . . .     SeeInvis .   v - +10 trident of Discomfort {speed, *Corrode rElec MP+9 Dex+6}
rCold    . . .     Gourm    .   Q - +0 buckler
rNeg     . . .     Faith    .   C - +1 steam dragon scales
rPois    +         Spirit   .   (no helmet)
rElec    +         Reflect  +   (no cloak)
rCorr    .         Harm     .   (no gloves)
MR       .....                  l - +0 pair of boots
Stlth    ++........             u - amulet of reflection
HPRegen  0.27/turn              i - ring of poison resistance
MPRegen  0.29/turn              I - ring of magical power

@: mighty, hasted, very quick
A: change form in water, swift swim, stealthy swim
a: Renounce Religion


You were on level 5 of the Lair of Beasts.
You worshipped Vehumet.
Vehumet was greatly pleased with you.
You were hungry.

You visited 3 branches of the dungeon, and saw 17 of its levels.

You collected 860 gold pieces.

Inventory:

Hand Weapons
 d - a cursed -1 short sword
 e - a cursed -3 club
 g - a +0 club
 h - a +0 vorpal long sword
 q - a +2 falchion of electrocution
 v - the +10 trident of Discomfort (weapon) {speed, *Corrode rElec MP+9 Dex+6}
   (You took it off a gnoll on level 6 of the Dungeon)

   Attacks with this weapon are significantly faster.
   It affects your dexterity (+6).
   It insulates you from electricity.
   It affects your magic capacity (+9).
   It may corrode you when you take damage.
Missiles
 p - 16 javelins (quivered)
 s - 8 silver javelins
Armour
 a - a +0 robe
 l - a +0 pair of boots (worn)
 C - +1 steam dragon scales (worn)
 Q - a +0 buckler (worn)
Jewellery
 f - an uncursed ring of flight
 i - a ring of poison resistance (left hand)
 n - an uncursed ring of protection from cold
 u - an amulet of reflection (around neck)
 x - a cursed -4 ring of evasion
 F - a +6 ring of strength
 I - a ring of magical power (right hand)
 N - an uncursed ring of resist corrosion
Wands
 j - a wand of random effects (20)
 y - a wand of polymorph (17)
 B - a wand of iceblast (15)
 E - a wand of acid (1)
 G - a wand of disintegration (15)
Scrolls
 b - 12 scrolls of remove curse
 o - 2 scrolls of amnesia
 J - 2 scrolls of enchant weapon
 K - 3 scrolls of magic mapping
 L - 2 scrolls of identify
 M - a scroll of fog
Potions
 k - 3 potions of flight
 m - 2 potions of magic
 r - a potion of brilliance
 t - 5 potions of curing
 z - 4 potions of mutation
 A - 2 potions of might
 D - a potion of degeneration
 P - a potion of cancellation {unknown}
Comestibles
 c - 19 rations
 H - 6 chunks of flesh


   Skills:
 + Level 10.6 Fighting
 + Level 13.9 Polearms
 + Level 8.3 Dodging
 - Level 2.1 Stealth
 - Level 4.0 Shields
 - Level 10.6 Spellcasting
 - Level 3.2 Summonings
 - Level 12.9 Ice Magic


You had 16 spell levels left.
You knew the following spells:

 Your Spells              Type           Power        Failure   Level  Hunger
a - Freeze                Ice            ####         1%          1    None
b - Frozen Ramparts       Ice            ######       1%          3    None
c - Ozocubu's Armour      Chrm/Ice       ####....     1%          3    None
d - Hailstorm             Conj/Ice       ####....     1%          4    ##.....
e - Summon Ice Beast      Ice/Summ       #####...     2%          4    ##.....
f - Swiftness             Chrm/Air       ##......     11%         2    None

Your spell library contained the following spells:

 Spells                   Type           Power        Failure   Level  Hunger
 Conjure Flame            Conj/Fire      ##......     6%          3    None
 Shock                    Conj/Air       ##..         1%          1    None
 Static Discharge         Conj/Air       ##......     6%          3    None
 Airstrike                Air            ##........   17%         4    ##.....
 Lightning Bolt           Conj/Air       ##........   43%         5    ####...
 Haunt                    Necr/Summ      ###.......   100%        7    #######
 Borgnjor's Revivificati  Necr           ##........   100%        8    #######
 Death's Door             Chrm/Necr      ##........   100%        8    #######
 Infestation              Necr           ##........   100%        8    #######
 Necromutation            Tmut/Necr      ##........   100%        8    #######


Dungeon Overview and Level Annotations

Branches:
Dungeon (11/15)            Temple (1/1) D:7            Lair (5/6) D:8
  Swamp (0/4) Lair:3       Spider (0/4) Lair:2        Slime (0/5) Lair:5
    Orc (0/2) D:9

Altars:
Cheibriados
Dithmenos
Elyvilon
Gozag
Hepliaklqana
Kikubaaqudgha
Makhleb
Okawaru
Qazlal
Ru
Sif Muna
Trog
Uskayaw
Vehumet
Wu Jian
Xom
Yredelemnul
Zin
The Shining One
Jiyva

Shops:
D:5 *   D:6 %   D:8 (

Annotations:
D:3 exclusion: downstairs
D:6 3 runed translucent doors, cantrip's ghost, amateur DESu
Lair:2 exclusion: 4 oklob plants
Lair:3 3 runed translucent doors, Megalobster's ghost, journeyman MiBe


Message History

The ice dragon is almost dead.
Unknown command.
Unknown command.
You closely miss the ice dragon.
The ice dragon is almost dead.
Unknown command.
Unknown command.
Evoke which item? (* to show all) (? for menu, Esc to quit)
Aiming: Corrosive Bolt
Press: ? - help, Shift-Dir - straight line, f/p - ice dragon
Aim: an ice dragon (purple smoke, almost dead, covered in acid)
The bolt of acid misses the ice dragon.
The bolt of acid hits the four-headed hydra!
The four-headed hydra is splashed with acid.
The acid corrodes the four-headed hydra!
The four-headed hydra is moderately wounded.
You block the ice dragon's attack. The ice dragon closely misses you. x2
The ice dragon breathes frost at you. The blast of cold hits you!!!
You die...

#..........##...####......#
################# #####.##
## #.#### # ≈≈# #....###
≈≈≈≈ ####.##. ≈≈≈≈######
##.##. ≈≈≈≈≈≈...#### #..###
≈≈≈≈≈.§§§§§.## ######.##
≈≈≈≈≈.§§§§§@.#####......#
≈≈≈D≈≈§§§D§§.......######
$$≈≈≈≈§§§D§§...#####
$$..≈≈§§§§§..###
!....≈≈≈§§§§##
....≈≈≈≈..### ####≈≈≈####
####


You could see an ice dragon (catching breath, corroded) and a four-headed hydra
(corroded).

Vanquished Creatures
  Nessos (Lair:5)
  4 hydras
  2 death yaks (Lair:4)
  Sonja (Lair:2)
  A lindwurm (Lair:4)
  An orb spider (Lair:2)
  16 elephants
  4 komodo dragons
  5 spiny frogs
  Maggie (D:7)
  A rime drake (Lair:4)
  4 polar bears
  Prince Ribbit (D:5)
  A tyrant leech (Lair:3)
  Grinder (D:4)
  2 hippogriffs
  Sigmund (D:5)
  Eustachio (D:5)
  A wyvern (Lair:4)
  5 basilisks
  35 yaks
  A hungry ghost (D:10)
  5 swamp worms (Lair:3)
  Menkaure (D:7)
  6 water moccasins
  Duvessa (D:5)
  12 porcupines
  2 ice beasts
  2 orc warriors
  A black bear (D:8)
  2 phantoms (D:5)
  A sky beast (D:7)
  An eye of draining (D:4)
  An ogre (D:8)
  14 wolves
  A centaur (D:7)
  9 crocodiles
  3 big kobolds
  14 bullfrogs
  Dowan (D:5)
  5 killer bees (D:7)
  3 wights (D:7)
  6 howler monkeys (D:7)
  4 electric eels (Lair:5)
  2 crimson imps
  A centaur zombie (D:7)
  A bullfrog skeleton (D:4)
  3 orc priests
  3 hounds
  5 jellies
  5 orc wizards
  8 worker ants
  3 hound skeletons
  A worker ant zombie (D:8)
  4 gnolls
  A howler monkey skeleton (D:7)
  5 adders
  5 oozes (D:8)
  3 adder skeletons
  2 worms
  5 dart slugs
  4 leopard geckos
  20 orcs
  8 bats
  4 giant cockroaches
  4 goblins
  8 hobgoblins
  7 jackals
  3 quokkas (D:7)
  A ball python (D:1)
  2 frilled lizards (D:1)
  A jackal skeleton (D:4)
  18 kobolds
  A leopard gecko skeleton (D:4)
  A leopard gecko zombie (D:7)
  A quokka skeleton (D:5)
  6 rats
  A fungus (D:8)
332 creatures vanquished.

Vanquished Creatures (others)
  36 fungi
  15 plants
51 creatures vanquished.

Grand Total: 383 creatures vanquished

Notes
Turn   | Place    | Note
-------+----------+-------------------------------------------
     0 | D:1      | NicoYazawa the Merfolk Ice Elementalist began the quest for
                  | the Orb.
     0 | D:1      | Reached XP level 1. HP: 13/13 MP: 3/3
   308 | D:1      | Reached XP level 2. HP: 19/19 MP: 1/5
   695 | D:1      | Reached XP level 3. HP: 24/24 MP: 1/6
   700 | D:1      | Learned a level 3 spell: Frozen Ramparts
   704 | D:1      | Learned a level 3 spell: Ozocubu's Armour
   825 | D:1      | Reached skill level 5 in Ice Magic
  1968 | D:2      | Found a faded altar of an unknown god.
  2160 | D:3      | Reached XP level 4. HP: 30/30 MP: 3/8
  3065 | D:4      | Noticed Grinder
  3065 | D:4      | Noticed an ice beast
  3132 | D:4      | Found a bloodstained altar of Trog.
  3198 | D:4      | Noticed an eye of draining
  3231 | D:4      | Reached XP level 5. HP: 35/35 MP: 5/10
  3241 | D:4      | Killed an eye of draining
  3389 | D:4      | Noticed a phantom
  3657 | D:4      | Reached XP level 6. HP: 34/41 MP: 9/12
  3726 | D:5      | Entered Level 5 of the Dungeon
  4142 | D:5      | Noticed Sigmund
  4157 | D:5      | Killed Sigmund
  4157 | D:5      | Reached XP level 7. HP: 46/46 MP: 6/14
  4308 | D:5      | Found an opulent altar of Gozag.
  4310 | D:5      | Found Gozag's Platinum Reserve.
  4582 | D:5      | Noticed Dowan
  4595 | D:5      | Reached skill level 5 in Spellcasting
  4595 | D:5      | Noticed Duvessa
  4606 | D:5      | Killed Duvessa
  4609 | D:5      | Killed Dowan
  4709 | D:6      | Found a shadowy altar of Dithmenos.
  4988 | D:6      | Reached XP level 8. HP: 24/52 MP: 12/16
  5315 | D:4      | Paralysed by Grinder for 3 turns
  5326 | D:4      | Paralysed by Grinder for 4 turns
  5338 | D:4      | Killed Grinder
  5501 | D:4      | Learned a level 4 spell: Hailstorm
  5506 | D:4      | Learned a level 4 spell: Summon Ice Beast
  5803 | D:5      | Noticed Prince Ribbit
  5809 | D:5      | Killed Prince Ribbit
  5809 | D:5      | Reached skill level 1 in Summonings
  6008 | D:5      | Noticed Eustachio
  6021 | D:5      | Killed Eustachio
  6691 | D:4      | Reached XP level 9. HP: 47/57 MP: 15/19
  6972 | D:6      | Identified the +10 trident of Discomfort {speed, *Corrode
                  | rElec MP+9 Dex+6}
  7211 | D:6      | Reached skill level 1 in Polearms
  7297 | D:6      | Reached skill level 2 in Polearms
  7513 | D:6      | Found Nackapivo's Food Emporium.
  7577 | D:6      | Found a runed translucent gate.
  7577 | D:6      | Found a runed translucent gate.
  7577 | D:6      | Found a runed translucent gate.
  7578 | D:6      | Noticed cantrip's ghost (amateur DESu)
  7908 | D:7      | Reached skill level 3 in Polearms
  7946 | D:7      | Reached skill level 10 in Ice Magic
  8209 | D:7      | Noticed Maggie
  8216 | D:7      | Noticed Menkaure
  8226 | D:7      | Killed Maggie
  8226 | D:7      | Reached skill level 1 in Fighting
  8226 | D:7      | Reached skill level 4 in Polearms
  8226 | D:7      | Killed Menkaure
  8386 | D:7      | Found a staircase to the Ecumenical Temple.
  8419 | Temple   | Entered the Ecumenical Temple
  8749 | D:7      | Found an ancient bone altar of Kikubaaqudgha.
  8807 | D:7      | Found a burning altar of Makhleb.
  8851 | D:7      | Reached skill level 5 in Polearms
  9021 | D:7      | Found a glowing silver altar of Zin.
  9080 | D:7      | Found an ornate altar of the Wu Jian Council.
  9109 | D:7      | Found a basalt altar of Yredelemnul.
  9109 | D:7      | Found an iron altar of Okawaru.
  9113 | D:7      | Found a shimmering blue altar of Sif Muna.
  9311 | D:7      | Reached XP level 10. HP: 69/69 MP: 22/22
  9357 | Temple   | Became a worshipper of Vehumet
  9463 | D:8      | You fall into a shaft and drop 3 floors!
  9466 | D:11     | Noticed a white ugly thing
  9474 | D:10     | Entered Level 10 of the Dungeon
  9497 | D:10     | Reached skill level 6 in Polearms
  9882 | D:8      | Found Fiprugum's Antique Weapon Shop.
 10103 | D:8      | Found a staircase to the Lair.
 10130 | D:8      | Reached * piety under Vehumet
 10130 | D:8      | Offered knowledge of Shock by Vehumet.
 10147 | D:8      | Reached skill level 7 in Polearms
 10575 | D:8      | Reached skill level 5 in Fighting
 10580 | D:8      | Reached skill level 8 in Polearms
 10771 | D:8      | Offered knowledge of Foxfire by Vehumet.
 10777 | D:8      | Reached ** piety under Vehumet
 11300 | Lair:1   | Entered Level 1 of the Lair of Beasts
 11340 | Lair:1   | Noticed a spiny frog
 11341 | Lair:1   | Noticed a spiny frog
 11350 | Lair:1   | Killed a spiny frog
 11350 | Lair:1   | Reached XP level 11. HP: 81/81 MP: 24/24
 11463 | Lair:1   | Reached skill level 9 in Polearms
 12349 | Lair:2   | Noticed an oklob plant
 12421 | Lair:2   | Noticed Sonja
 12659 | Lair:2   | Found a hole to the Spider Nest.
 12659 | Lair:2   | Noticed an orb spider
 12690 | Lair:2   | Killed an orb spider
 13044 | Lair:2   | Noticed a five-headed hydra
 13044 | Lair:2   | Noticed an oklob plant
 13154 | Lair:2   | Noticed an oklob plant
 13154 | Lair:2   | Noticed an oklob plant
 13177 | Lair:2   | Killed a five-headed hydra
 13177 | Lair:2   | Reached skill level 10 in Polearms
 13474 | Lair:2   | Killed Sonja
 13662 | Lair:3   | Reached skill level 10 in Spellcasting
 13731 | Lair:3   | Learned a level 2 spell: Swiftness
 13856 | Lair:3   | Reached XP level 12. HP: 42/92 MP: 18/26
 14308 | Lair:3   | Found a runed translucent gate.
 14308 | Lair:3   | Found a runed translucent gate.
 14308 | Lair:3   | Found a runed translucent gate.
 14332 | Lair:3   | Reached skill level 11 in Polearms
 14618 | Lair:3   | Noticed Megalobster's ghost (journeyman MiBe)
 15263 | Lair:3   | Noticed a seven-headed hydra
 15281 | Lair:3   | Killed a seven-headed hydra
 15517 | Lair:3   | Noticed a seven-headed hydra
 15525 | Lair:3   | Killed a seven-headed hydra
 15790 | Lair:3   | Found a staircase to the Swamp.
 16190 | Lair:4   | Offered knowledge of Inner Flame by Vehumet.
 16544 | Lair:4   | Noticed a four-headed hydra
 16596 | Lair:4   | Reached skill level 1 in Shields
 16707 | Lair:4   | Reached skill level 12 in Polearms
 16714 | Lair:4   | Reached *** piety under Vehumet
 17278 | Lair:4   | Reached skill level 5 in Dodging
 17302 | Lair:4   | Noticed a death yak
 17312 | Lair:4   | Killed a death yak
 17312 | Lair:4   | Noticed a six-headed hydra
 17333 | Lair:4   | Killed a six-headed hydra
 17609 | Lair:4   | Reached XP level 13. HP: 97/101 MP: 27/27
 18105 | Lair:5   | Noticed Nessos
 18117 | Lair:4   | Offered knowledge of Stone Arrow by Vehumet.
 18117 | Lair:4   | Reached skill level 13 in Polearms
 18282 | Lair:5   | Reached skill level 10 in Fighting
 18285 | Lair:5   | HP: 2/103 [Nessos/arrow (10)]
 18288 | Lair:5   | Killed Nessos
 18905 | Lair:5   | Found a staircase to the Slime Pits.
 18905 | Lair:5   | Found a viscous altar of Jiyva.
 19167 | Lair:5   | Reached **** piety under Vehumet
 19374 | Lair:5   | Offered knowledge of Conjure Flame by Vehumet.
 19606 | Lair:5   | Noticed an ice dragon
 19621 | Lair:5   | Killed from afar by an ice dragon

Illustrated notes

Levels and vault maps discovered:
D:1:      lemuel_arrival_behind_the_door_small, layout_loops_ring,
          lemuel_flame_loot_1
D:2:      layout_rooms, chequers_ecumenical_altar_simple_redux
D:3:      layout_basic, minmay_misc_feat_more_columns
D:4:      layout_basic, trog_eyes_of_draining, uniq_grinder
D:5:      layout_basic, nicolae_gozag_zags_fifth_avenue, first_ration,
          uniq_eustachio, uniq_prince_ribbit1, uniq_sigmund, uniq_duvessa
D:6:      cheibrodos_helix_gallery, layout_rooms, lemuel_round_altar,
          gammafunk_ghost_necromancy, serial_shops, shop
D:7:      layout_loops_ring, old_standard_altar, marbit_many_paths, minitemple,
          uniq_menkaure, uniq_maggie
D:8:      layout_basic, due_lair_maze_entry_diamond, serial_shops, shop,
          hangedman_little_slice_of_home
D:9:      layout_long_grid, lemuel_coloured_pillars_altar,
          gammafunk_temple_overflow_wave, hiddenorc1_lemuel
D:10:     layout_loops_corners, lemuel_mausoleum_altar_kikubaaqudgha
D:11:     layout_basic, minmay_liquid_box, minivault_20, uniq_maurice
Temple:   nicolae_temple_figure_zero
Lair:1:   layout_misc_corridors
Lair:2:   layout_chaotic_city, nicolae_spider_entry_orb_guardian,
          cheibrodos_lair_lostbears, minmay_lair_oklob_chamber,
          grunt_megastairs_3, lemuel_fruit_fields, uniq_sonja
Lair:3:   layout_hall_layers, palyth_hydra_swamp_entry, gammafunk_ghost_icy,
          grunt_megastairs_4
Lair:4:   layout_cave_pods, minmay_holes, beast_lair_carwin_10,
          infiniplex_staircase_pool_2
Lair:5:   dragon1_lemuel, layout_layer_cave, slime_altar_1, serial_bayou,
          serial_bayou_crossing, serial_bayou_lagoon_b, serial_bayou_shore_a,
          serial_bayou_pond_e, serial_bayou_ford_a, enter_volcano_2, uniq_nessos

Skill      XL: |  1  2  3  4  5  6  7  8  9 10 11 12 13 |
---------------+----------------------------------------+-----
Ice Magic      | 5 6 7 8 9 10 11 12 | 12.9
Spellcasting   | 3 4 5 7 8 9 10 | 10.6
Summonings     | 2 3 |  3.2
Polearms       | 5 8 10 12 13 | 13.9
Fighting       | 2 5 7 9 10 | 10.6
Dodging        | 5 8 |  8.3
Shields        | 3 4 |  4.0
Stealth        | |  2.1

Action                   |  1- 3 |  4- 6 |  7- 9 | 10-12 | 13-15 || total
-------------------------+-------+-------+-------+-------+-------++-------
Melee: Unarmed           |    18 |       |       |       |       ||    18
       Club              |    10 |       |       |       |       ||    10
       Long sword        |    17 |    24 |    40 |       |       ||    81
       Falchion          |       |       |    11 |       |       ||    11
       Trident           |       |       |    71 |   284 |   180 ||   535
       Tailslap          |       |       |     2 |       |     2 ||     4
Throw: Javelin           |       |     1 |     8 |       |       ||     9
 Cast: Freeze            |    45 |    25 |    67 |    99 |    12 ||   248
       Frozen Ramparts   |     4 |     5 |    27 |    43 |     9 ||    88
       Ozocubu's Armour  |       |     1 |     1 |       |       ||     2
       Summon Ice Beast  |       |       |     4 |     1 |       ||     5
       Hailstorm         |       |       |     5 |    23 |    12 ||    40
Evoke: Wand              |       |     4 |     2 |     7 |     5 ||    18
  Use: Scroll            |     6 |       |     7 |    14 |     2 ||    29
       Potion            |       |       |     3 |       |     5 ||     8
 Stab: Sleeping          |     2 |       |     6 |     8 |     1 ||    17
       Distracted        |       |       |     1 |       |       ||     1
  Eat: Chunk             |     5 |     6 |    16 |    20 |     7 ||    54
       Ration            |       |       |     1 |     3 |       ||     4
Armor: Robe              |     9 |     2 |    19 |       |       ||    30
       Steam dragon scal |       |       |    10 |    91 |    12 ||   113
Dodge: Dodged            |    54 |    41 |   109 |   161 |    51 ||   416
Block: Other             |       |       |       |    30 |       ||    30
       Reflection        |       |       |       |     2 |       ||     2
       Buckler           |       |       |       |    25 |    44 ||    69
       Rpst.: Long sword |     6 |    16 |    20 |       |       ||    42
       Falchion          |       |       |     5 |       |       ||     5

Table legend:
 A = Non-vault XP
 B = Vault XP
 C = Vault XP percentage of total XP
 D = Non-vault monster count
 E = Vault monster count
 F = Vault count percentage of total count
                 A         B        C        D         E       F
            +---------+---------+-------+---------+---------+-------
      Total |   26667 |   17580 |  39.7 |     269 |      62 |  18.7
            +---------+---------+-------+---------+---------+-------
        D:1 |      41 |       0 |   0.0 |      20 |       0 |   0.0
        D:2 |      38 |       0 |   0.0 |      19 |       0 |   0.0
        D:3 |      41 |       0 |   0.0 |       8 |       0 |   0.0
        D:4 |     300 |     413 |  57.9 |      12 |       4 |  25.0
        D:5 |     257 |     950 |  78.7 |      10 |       5 |  33.3
        D:6 |     812 |      22 |   2.6 |      22 |       2 |   8.3
        D:7 |    1530 |     385 |  20.1 |      41 |       3 |   6.8
        D:8 |    2337 |    1385 |  37.2 |      34 |      18 |  34.6
        D:9 |     242 |       0 |   0.0 |       5 |       0 |   0.0
       D:10 |     234 |       0 |   0.0 |       2 |       0 |   0.0
     Lair:1 |    2459 |       0 |   0.0 |      12 |       0 |   0.0
     Lair:2 |     874 |    3404 |  79.6 |       5 |       8 |  61.5
     Lair:3 |    3708 |    3671 |  49.7 |      11 |      11 |  50.0
     Lair:4 |    5773 |    6053 |  51.2 |      30 |      10 |  25.0
     Lair:5 |    8021 |    1297 |  13.9 |      38 |       1 |   2.6
            +---------+---------+-------+---------+---------+-------
